 Dungeon Sprint DCSS version 0.29-a0-1033-gb6c65ffae6 (webtiles) character file.

Game seed: 10602049104427402238

10691 Zeldest the Fencer (level 11, -23/75 HPs)
             Began as a Tengu Monk on Aug 15, 2022.
             Was an Elder of Ru.
             Annihilated by an orc knight
             ... wielding a +0 great sword
              (46 damage)
             ... in the Dungeon (Sprint IX: "|||||||||||||||||||||||||||||").
             The game lasted 00:10:34 (2274 turns).

Zeldest the Fencer (Tengu Monk)                     Turns: 2274, Time: 00:10:35

Health: -23/75     AC: 11    Str: 14    XL:     11   Next: 66%
Magic:  12/12      EV: 25    Int: 11    God:    Ru [****..]
Gold:   1261       SH:  0    Dex: 24    Spells: 10/10 levels left

rFire   . . .      SeeInvis .   a - +4 scimitar (flame)
rCold   . . .      Faith    .   (no shield)
rNeg    . . .      Spirit   .   p - +1 scale mail
rPois   .          Reflect  .   (helmet restricted)
rElec   .          Harm     .   o - +0 cloak
rCorr   .          Rampage  .   c - +0 pair of gloves
Will    .....      NoTele   +   (boots unavailable)
Stlth   +.........              (no amulet)
HPRegen 0.22/turn               q - +3 ring of strength
MPRegen 0.13/turn               r - +3 ring of dexterity

@: flying quickly and evasively, quick
A: beak, talons 3, hated by all, no conjurations magic, no hexes magic, no
poison magic, unskilled 1, nimble flight
a: Renounce Religion, Draw Out Power, Power Leap


You were in the Dungeon.
You worshipped Ru.
Ru was greatly pleased with you.
You visited 1 branch You collected 1261 gold pieces.

Inventory:

Hand Weapons
 a - a +4 scimitar of flaming (weapon)
 b - a +2 scimitar of holy wrath
Armour
 c - a +0 pair of gloves (worn)
 n - a +0 pair of gloves
 o - a +0 cloak (worn)
 p - a +1 scale mail (worn)
Jewellery
 q - a +3 ring of strength (left hand)
 r - a +3 ring of dexterity (right hand)
Scrolls
 i - 3 scrolls of enchant armour
 j - 2 scrolls of amnesia
 m - a scroll of fog
 s - a scroll of fear
Potions
 d - 2 potions of brilliance
 e - a potion of curing
 g - 5 potions of magic


   Skills:
 + Level 11.6 Fighting
 * Level 17.1 Long Blades
 + Level 7.1 Armour
 * Level 17.1 Dodging
 - Level 1.7 Stealth
 + Level 6.6 Evocations


You had 10 spell levels left.
You didn't know any spells.
Your spell library was empty.

Dungeon Overview and Level Annotations

Branches:
Dungeon (1/1)

Altars:
Cheibriados
Dithmenos
Elyvilon
Gozag
Kikubaaqudgha
Makhleb
Nemelex Xobeh
Okawaru
Qazlal
Ru
Sif Muna
Trog
Uskayaw
Vehumet
Wu Jian
Xom
Zin
The Shining One
Lugonu

Shops:
D (


Innate Abilities, Weirdness & Mutations

You have a beak for a mouth.
You have claws for feet.
You are hated by all.
You cannot study or cast Conjurations magic.
You cannot study or cast Hexes magic.
You cannot study or cast Poison magic.
You are somewhat unskilled. (-1 Apt)
Your magical nature lets you fly swiftly and evasively.


Message History

You barely miss the orc knight.
You claw the orc knight, but do no damage.
Your peck misses the orc knight.
The orc knight is almost dead.
The orc high priest misses you.
You hit the orc knight. You burn the orc knight.
You claw the orc knight, but do no damage.
The orc knight is almost dead.
The orc high priest closely misses you.
You barely miss the orc knight. Your kick misses the orc knight.
Your peck misses the orc knight.
The orc knight is almost dead.
The orc knight hits you with a +0 dire flail!
You focus your inner power and illuminate the orc knight in retribution!
You hit the orc knight. You burn the orc knight.
You claw the orc knight, but do no damage.
You peck the orc knight, but do no damage.
The orc knight is almost dead.
The orc high priest utters an invocation to Beogh.
The orc knight closely misses you. The orc knight completely misses you.
You slice the orc knight!! You burn the orc knight.
You kill the orc knight!
The orc high priest closely misses you.
You slash the orc knight! You burn the orc knight. You claw the orc knight!
You peck the orc knight, but do no damage.
The orc knight is moderately wounded.
You hit the orc knight. You burn the orc knight.
You peck the orc knight, but do no damage.
The orc knight is moderately wounded.
You redirect the orc high priest's attack!
The orc high priest mumbles some strange prayers to Beogh against the orc knight.
The orc knight resists with significant effort.
The orc knight hits you with a +0 battleaxe!!!
You focus your inner power and slow the orc knight in retribution!
You slash the orc knight! You burn the orc knight.
Your kick misses the orc knight.
The orc knight is heavily wounded.
The orc knight hits you with a +0 great sword!!!
Ouch! That really hurt!
You die...

▓▓▓▓▓▓▓▓▓▓▓▓▓▓▓▓▓▓▓
).))'}...........o▓
▓▓▓▓▓▓▓▓▓▓▓▓▓▓▓▓▓o▓
................@o▓
▓▓▓▓▓▓▓▓▓▓▓▓▓▓▓▓▓▓▓
..........'.......▓
▓▓▓▓▓▓▓▓▓▓▓▓▓▓▓▓▓.▓
..................▓
▓▓▓▓▓▓▓▓▓▓▓▓▓▓▓▓▓▓▓
_'..))††...))'...<▓
▓▓▓▓▓▓▓▓▓▓▓▓▓▓▓▓▓▓▓


You could see 2 orc knights and an orc high priest (strong).

Vanquished Creatures
  A stone giant (D)
  Erolcha (D)
  A catoblepas (D)
  2 orc knights (D)
  A cyclops (D)
  An elephant (D)
  A gargoyle (D)
  A rime drake (D)
  An unseen horror (D)
  A kobold demonologist (D)
  An efreet (D)
  2 cane toads (D)
  3 komodo dragons (D)
  A tyrant leech (D)
  2 polar bears (D)
  A blink frog (D)
  2 shadows (D)
  A wyvern (D)
  3 yaks (D)
  A wraith (D)
  Eustachio (D)
  3 vampire mosquitoes (D)
  A water moccasin (D)
  10 orc warriors (D)
  2 wolves (D)
  A kobold brigand (D)
  5 bullfrogs (D)
  A howler monkey (D)
  6 orc priests (D)
  2 hounds (D)
  4 orc wizards (D)
  6 orcs (D)
  An endoplasm (D)
  A goblin (D)
  A frilled lizard (D)
  2 kobolds (D)
75 creatures vanquished.

Vanquished Creatures (others)
  A komodo dragon (D)
1 creature vanquished.

Grand Total: 76 creatures vanquished

Notes
Turn   | Place    | Note
-------+----------+-------------------------------------------
     0 | D        | Zeldest the Tengu Monk began the quest for the Orb.
     0 | D        | Reached XP level 1. HP: 14/14 MP: 2/2
    19 | D        | Noticed a hound
    19 | D        | Noticed an orc priest
    19 | D        | Noticed a howler monkey
    19 | D        | Noticed a hound
    22 | D        | Killed a hound
    23 | D        | Reached skill level 5 in Long Blades
    23 | D        | Reached skill level 5 in Dodging
    23 | D        | Reached XP level 2. HP: 20/20 MP: 3/3
    23 | D        | Reached XP level 3. HP: 24/24 MP: 4/4
    25 | D        | Reached XP level 4. HP: 30/30 MP: 5/5
    36 | D        | Reached skill level 5 in Fighting
    36 | D        | Gained mutation: Your magical nature lets you fly swiftly
                  | and evasively. [Tengu growth]
    36 | D        | Reached XP level 5. HP: 35/35 MP: 6/6
    39 | D        | Found a snail-covered altar of Cheibriados.
    39 | D        | Found a shadowy altar of Dithmenos.
    39 | D        | Found a white marble altar of Elyvilon.
    39 | D        | Found a blossoming altar of Fedhas.
    39 | D        | Found an opulent altar of Gozag.
    40 | D        | Found a hazy altar of Hepliaklqana.
    41 | D        | Found a viscous altar of Jiyva.
    42 | D        | Found an ancient bone altar of Kikubaaqudgha.
    43 | D        | Found a corrupted altar of Lugonu.
    44 | D        | Found a burning altar of Makhleb.
    45 | D        | Found a sparkling altar of Nemelex Xobeh.
    46 | D        | Found an iron altar of Okawaru.
    47 | D        | Found a stormy altar of Qazlal.
    48 | D        | Found a sacrificial altar of Ru.
    49 | D        | Found a shimmering blue altar of Sif Muna.
    50 | D        | Found a bloodstained altar of Trog.
    51 | D        | Found a hide-covered altar of Uskayaw.
    52 | D        | Found a radiant altar of Vehumet.
    53 | D        | Found an ornate altar of the Wu Jian Council.
    54 | D        | Found a shimmering altar of Xom.
    55 | D        | Found a basalt altar of Yredelemnul.
    56 | D        | Found a glowing silver altar of Zin.
    57 | D        | Found a glowing golden altar of the Shining One.
    64 | D        | Became a worshipper of Ru the Awakened
    78 | D        | Gained mutation: You cannot study or cast Poison magic. [Ru
                  | sacrifice]
    78 | D        | Gained mutation: You cannot study or cast Hexes magic. [Ru
                  | sacrifice]
    78 | D        | Gained mutation: You cannot study or cast Conjurations
                  | magic. [Ru sacrifice]
    78 | D        | Reached * piety under Ru
   116 | D        | Noticed a wraith
   116 | D        | Noticed an orc warrior
   116 | D        | Noticed a shadow
   116 | D        | Noticed a komodo dragon
   116 | D        | Noticed a kobold brigand
   116 | D        | Noticed a komodo dragon
   128 | D        | Killed a komodo dragon
   129 | D        | Reached skill level 10 in Long Blades
   129 | D        | Reached skill level 10 in Dodging
   129 | D        | Reached XP level 6. HP: 11/42 MP: 7/7
   131 | D        | Reached XP level 7. HP: 13/48 MP: 8/8
   137 | D        | Killed a komodo dragon
   144 | D        | Killed a shadow
   150 | D        | Reached XP level 8. HP: 18/55 MP: 9/9
   153 | D        | Killed a wraith
   354 | D        | Noticed a cyclops
   354 | D        | Noticed a kobold demonologist
   354 | D        | Noticed a shadow
   354 | D        | Noticed a gargoyle
   354 | D        | Noticed an efreet
   360 | D        | Killed an efreet
   369 | D        | Killed a gargoyle
   379 | D        | Killed an unseen horror
   380 | D        | Reached XP level 9. HP: 29/61 MP: 10/10
   400 | D        | Noticed a smoke demon
   402 | D        | Noticed a sun demon
   406 | D        | Killed a kobold demonologist
   407 | D        | Reached skill level 10 in Fighting
   416 | D        | Killed a cyclops
   417 | D        | Reached skill level 15 in Long Blades
   417 | D        | Reached skill level 15 in Dodging
   688 | D        | Noticed a komodo dragon
   688 | D        | Noticed a rime drake
   692 | D        | Killed a rime drake
   693 | D        | Reached skill level 1 in Armour
   693 | D        | Reached skill level 1 in Evocations
   699 | D        | Noticed an elephant
   701 | D        | Reached XP level 10. HP: 64/68 MP: 11/11
   877 | D        | Killed an elephant
   892 | D        | Gained mutation: You are somewhat unskilled. (-1 Apt) [Ru
                  | sacrifice]
   892 | D        | Reduced skill Fighting to level 10
   892 | D        | Reduced skill Stealth to level 1
   892 | D        | Reached ** piety under Ru
   935 | D        | Noticed a cane toad
   935 | D        | Noticed a catoblepas
   935 | D        | Noticed a cane toad
   937 | D        | Killed a cane toad
   938 | D        | Reached skill level 15 in Long Blades
   938 | D        | Reached skill level 15 in Dodging
  1057 | D        | Killed a catoblepas
  1068 | D        | Killed a cane toad
  1080 | D        | Reached skill level 5 in Armour
  1201 | D        | Reached XP level 11. HP: 73/73 MP: 12/12
  1207 | D        | Reached skill level 5 in Evocations
  1299 | D        | Noticed Eustachio
  1307 | D        | Killed Eustachio
  1317 | D        | Noticed Erolcha
  1335 | D        | Killed Erolcha
  1604 | D        | Noticed a stone giant
  1619 | D        | HP: 2/74 [stone giant (16)]
  1621 | D        | Killed a stone giant
  1622 | D        | Gained mutation: You are hated by all. [Ru sacrifice]
  1622 | D        | Reached *** piety under Ru
  1622 | D        | Reached **** piety under Ru
  1959 | D        | Noticed an orc knight
  2015 | D        | Killed an orc knight
  2207 | D        | Found Seg Safu's Weapon Boutique.
  2207 | D        | Noticed an orc high priest
  2207 | D        | Noticed an orc knight
  2207 | D        | Noticed an orc knight
  2207 | D        | Noticed an orc high priest
  2207 | D        | Noticed an orc knight
  2271 | D        | Killed an orc knight
  2274 | D        | Annihilated by an orc knight

Illustrated notes

Levels and vault maps discovered:
D:        linesprint [early_d, line_temple, items_1, d_10, items_2, lair_1,
          lair_end, items_3, orc_1, orc_end, items_4, d_15, swamp_1, shoals_1,
          snake_1, spider_1, d_20, vaults_1, items_5, swamp_end, shoals_end,
          snake_end, spider_end, vaults_end, d_27, items_6, zot_1, zot_end,
          crypt_end, forest_end, elf_end, slime_end, tomb_end, abyss_end,
          pan_hell_end]

Skill      XL: |  1  2  3  4  5  6  7  8  9 10 11 |
---------------+----------------------------------+-----
Long Blades    | 5 6 7 10 12 14 15 15 17 | 17.1
Dodging        | 5 6 7 10 12 14 15 15 17 | 17.1
Fighting       | 4 5 6 7 8 9 10 10 11 | 11.6
Armour         | 2 5 7 |  7.1
Evocations     | 1 4 6 |  6.6
Stealth        | 1 |  1.7

Action                   |  1- 3 |  4- 6 |  7- 9 | 10-12 || total
-------------------------+-------+-------+-------+-------++-------
Melee: Falchion          |    12 |     9 |       |       ||    21
       Kick              |     6 |     7 |    20 |    65 ||    98
       Peck              |     2 |     5 |     7 |    42 ||    56
       Scimitar          |       |     9 |    56 |   187 ||   252
       Punch             |       |       |       |     6 ||     6
Invok: Sacrifice Arcana  |       |     1 |       |       ||     1
       Sacrifice Skill   |       |       |       |     1 ||     1
       Sacrifice Love    |       |       |       |     1 ||     1
Evoke: Wand              |       |     3 |     5 |     2 ||    10
       Box of beasts     |       |       |       |     1 ||     1
  Use: Potion            |     1 |     1 |    10 |     4 ||    16
       Scroll            |       |     1 |     1 |     2 ||     4
 Stab: Invisible         |       |     3 |     6 |       ||     9
Armor: Robe              |     1 |     1 |       |       ||     2
       Scale mail        |       |     1 |     9 |    17 ||    27
Dodge: Dodged            |     6 |    13 |    22 |   103 ||   144

Table legend: (Time is in decaauts)
 A = Elapsed time spent in this place.
 B = Non-inter-level travel time spent in this place.
 C = Inter-level travel time spent in this place.
 D = Time resting spent in this place.
 E = Time spent auto-exploring this place.
 F = Levels seen in this place.
 G = Mean time per level.
                   A        B        C        D        E       F      G
               +--------+--------+--------+--------+--------+-----+--------+
         Total |   2144 |   2144 |      0 |   1342 |      0 |   1 | 2144.0 |
       Dungeon |   2144 |   2144 |      0 |   1342 |      0 |   1 | 2144.0 |
               +--------+--------+--------+--------+--------+-----+--------+

Top non-repeatable levels by time:
       D: 2144 daAuts
